 Dungeon Crawl Stone Soup version 0.25.1-8-g42b30a86e7 (webtiles) character file.

Game seed: 3865339523943399108

194 Eitelfritz the Slasher (level 5, -2/45 HPs)
             Began as a Minotaur Gladiator on Dec 23, 2020.
             Slain by Duvessa
             ... wielding a +0 short sword
              (7 damage)
             ... on level 4 of the Dungeon.
             The game lasted 00:06:53 (3921 turns).

Eitelfritz the Slasher (Minotaur Gladiator)         Turns: 3921, Time: 00:06:54

Health: -2/45      AC:  4    Str: 18    XL:     5   Next: 44%
Magic:  4/4        EV: 13    Int:  6    God:
Gold:   201        SH:  0    Dex: 12    Spells: 4/4 levels left

rFire    . . .     SeeInvis .   a - +0 long sword
rCold    . . .     Gourm    .   (no shield)
rNeg     . . .     Faith    .   b - +0 leather armour
rPois    .         Spirit   .   c - +0 hat
rElec    .         Reflect  .   h - +0 cloak
rCorr    .         Harm     .   (no gloves)
MR       .....                  (no boots)
Stlth    +.........             (no amulet)
HPRegen  0.15/turn              (no ring)
MPRegen  0.09/turn              (no ring)

@: confused
A: retaliatory headbutt, horns 2
a: no special abilities


You were on level 4 of the Dungeon.
You were not hungry.

You visited 1 branch of the dungeon, and saw 4 of its levels.

You collected 201 gold pieces.

Inventory:

Hand Weapons
 a - a +0 long sword (weapon)
 q - a +0 hunting sling
Missiles
 d - 3 throwing nets (quivered)
 r - 153 stones
 v - 14 sling bullets
 x - 2 curare-tipped darts
 y - 33 poisoned darts
Armour
 b - a +0 leather armour (worn)
 c - a +0 hat (worn)
 h - a +0 cloak (worn)
Jewellery
 g - an uncursed ring of resist corrosion {unknown}
 o - a +6 ring of strength {unknown}
Scrolls
 e - a scroll of noise {unknown}
 i - 2 scrolls of magic mapping {unknown}
 k - a scroll of amnesia {unknown}
 l - a scroll of enchant weapon {unknown}
 m - 3 scrolls of identify {unknown}
 n - 3 scrolls of remove curse {unknown}
 t - a scroll of fog {unknown}
Potions
 p - a potion of heal wounds {unknown}
 s - a potion of might {unknown}
 w - a potion of curing {unknown}
Comestibles
 f - 10 rations
 u - 2 chunks of flesh


   Skills:
 + Level 3.5 Fighting
 + Level 5.4 Long Blades
 + Level 1.6(2.3) Slings
 + Level 2.2(2.5) Throwing
 + Level 2.3 Armour
 + Level 3.7 Dodging
 + Level 0.6 Stealth


You had 4 spell levels left.
You didn't know any spells.
Your spell library was empty.

Dungeon Overview and Level Annotations

Branches:
Dungeon (4/15)
 Temple: D:4-7

Altars:
Ru
Sif Muna
The Shining One

Annotations:
D:3 Sigmund
D:4 Dowan, Duvessa


Innate Abilities, Weirdness & Mutations

You reflexively headbutt those who attack you in melee.
You have a pair of horns on your head.


Message History

Duvessa is heavily wounded.
Duvessa hits you with a +0 short sword.
You hit Duvessa.
Duvessa is severely wounded.
Duvessa hits you with a +0 short sword.
* * * LOW HITPOINT WARNING * * *
Duvessa closely misses you.
You riposte.
You hit Duvessa.
Duvessa is severely wounded.
You hit Duvessa. You headbutt Duvessa, but do no damage.
Duvessa is almost dead.
Duvessa closely misses you. Duvessa hits you with a +0 short sword.
* * * LOW HITPOINT WARNING * * *
You hit Duvessa.
Duvessa is almost dead.
Duvessa hits you with a +0 short sword!
* * * LOW HITPOINT WARNING * * *
It was a potion of ambrosia.
You are confused.
You feel invigorated. Duvessa hits you with a +0 short sword!
You die...

##### ....# ###.#
....# .##.#######
..#.#.....###.#####
#######'..#.....@.#
...#...#....###.#e#
...#...#.#### ##..#
..รท....### #...
##._.### #...#
.......## #...#
...#...#.# ##.##
...#...#.# #.#
#######+.# ###.#


You could see Duvessa (fast).

Vanquished Creatures
  A scorpion (D:4)
  Crazy Yiuf (D:2)
  Robin (D:4)
  2 adders
  2 worms
  A dart slug (D:2)
  A leopard gecko (D:1)
  5 orcs
  A ball python (D:2)
  7 giant cockroaches
  10 hobgoblins
  5 jackals
  3 kobolds (D:1)
  6 bats
  2 frilled lizards
  18 goblins
  6 rats
72 creatures vanquished.

Notes
Turn   | Place    | Note
-------+----------+-------------------------------------------
     0 | D:1      | Eitelfritz the Minotaur Gladiator began the quest for the
                  | Orb.
     0 | D:1      | Reached XP level 1. HP: 18/18 MP: 0/0
   200 | D:1      | Reached XP level 2. HP: 25/25 MP: 1/1
   241 | D:1      | Reached skill level 4 in Long Blades
  1205 | D:2      | Found a glowing golden altar of the Shining One.
  1231 | D:2      | Reached XP level 3. HP: 28/31 MP: 2/2
  1961 | D:2      | Found a runed translucent door.
  1962 | D:2      | Noticed Crazy Yiuf
  1989 | D:2      | Reached skill level 1 in Armour
  2168 | D:2      | Reached skill level 1 in Slings
  2485 | D:3      | Reached XP level 4. HP: 38/38 MP: 3/3
  2832 | D:3      | Found a shimmering blue altar of Sif Muna.
  2897 | D:3      | Noticed Sigmund
  3223 | D:2      | Killed Crazy Yiuf
  3317 | D:4      | Noticed Robin
  3334 | D:4      | Killed Robin
  3334 | D:4      | Reached skill level 5 in Long Blades
  3513 | D:4      | Reached XP level 5. HP: 30/45 MP: 4/4
  3881 | D:4      | Found a sacrificial altar of Ru.
  3905 | D:4      | Noticed Duvessa
  3905 | D:4      | Noticed Dowan
  3920 | D:4      | HP: 1/45 [Duvessa/+0 short sword (7)]
  3921 | D:4      | Slain by Duvessa

Illustrated notes

Levels and vault maps discovered:
D:1:      scummos_arrival_gate, layout_basic, grunt_decor_clamped
D:2:      layout_loops_corners, tso_oasis_becter, first_ration,
          minmay_goblin_outpost, uniq_crazy_yiuf_cottage
D:3:      layout_basic, nicolae_overflow_crystal_walls,
          okawaru_metal_pillars_1_2, chequers_serial_rivers_small_b,
          uniq_sigmund
D:4:      layout_loops_corners, lemuel_doored_altar,
          nicolae_ru_great_annihilating_truth, uniq_robin, uniq_duvessa

Skill      XL: |  1  2  3  4 |
---------------+-------------+-----
Long Blades    | 4 5 |  5.4
Fighting       | 3 |  3.5
Armour         | 1 2 |  2.3
Slings         | 1 |  1.6
Throwing       | |  2.2
Dodging        | |  3.7
Stealth        | |  0.6

Action                   |  1- 3 |  4- 6 || total
-------------------------+-------+-------++-------
Melee: Long sword        |    70 |    57 ||   127
       Headbutt          |    18 |     5 ||    23
 Fire: Hunting sling     |    20 |       ||    20
  Use: Potion            |       |     1 ||     1
 Stab: Sleeping          |     1 |       ||     1
       Paralysed         |       |     1 ||     1
  Eat: Chunk             |     5 |     4 ||     9
Armor: Leather armour    |    16 |    12 ||    28
Dodge: Dodged            |    49 |    29 ||    78
       Rpst.: Long sword |    13 |     8 ||    21
